 Dungeon Crawl Stone Soup version 0.29.0-4-gdea44cf6ec (webtiles) character file.

Game seed: 9392998309459541933

12 Flugkiller the Trooper (level 2, -3/27 HPs)
             Began as a Minotaur Fighter on Aug 27, 2022.
             Slain by a thrashing horror (12 damage)
             ... on level 2 of the Abyss.
             The game lasted 00:00:13 (191 turns).

Flugkiller the Trooper (Minotaur Fighter)            Turns: 191, Time: 00:00:13

Health: -3/27      AC:  7    Str: 20    XL:     2   Next: 20%
Magic:  1/1        EV:  9    Int:  5    God:
Gold:   9          SH:  4    Dex:  9    Spells: 1/1 levels left

rFire   . . .      SeeInvis .   a - +0 war axe
rCold   . . .      Faith    .   c - +0 buckler
rNeg    . . .      Spirit   .   b - +0 scale mail
rPois   .          Reflect  .   (helmet restricted)
rElec   .          Harm     .   (no cloak)
rCorr   .          Rampage  .   (no gloves)
Will    .....                   (no boots)
Stlth   ..........              (no amulet)
HPRegen 0.09/turn               (no ring)
MPRegen 0.07/turn               (no ring)

@: no status effects
A: horns 2, retaliatory headbutt
a: no special abilities


You were on level 2 of the Abyss.
You visited 1 branch of the dungeon, and saw 1 of its levels.
You visited the Abyss 1 time.

You collected 9 gold pieces.

Inventory:

Hand Weapons
 a - a +0 war axe (weapon)
Armour
 b - a +0 scale mail (worn)
 c - a +0 buckler (worn)
Scrolls
 e - a scroll of teleportation {unknown}
Potions
 d - a potion of might


   Skills:
 + Level 3.8 Fighting
 * Level 3.1 Axes
 + Level 3.8 Armour
 - Level 3.6 Shields


You had one spell level left.
You didn't know any spells.
Your spell library was empty.

Dungeon Overview and Level Annotations

Branches:
Dungeon (1/15)

Altars:


Innate Abilities, Weirdness & Mutations

You have a pair of horns on your head.
You reflexively headbutt those who attack you in melee.


Message History

You barely miss the endoplasm. The endoplasm misses you.
You hit the endoplasm.
You kill the endoplasm!
No target in view!
No target in view!
No target in view!
No target in view!
Found 9 stones.
You see here 9 stones.
A bat comes into view.
Found a glowing spear.
Found a faded altar of an unknown god.
A bat is nearby!
Found a rapier.
The bat hits you but does no damage.
You slash the bat!
You kill the bat!
No target in view!
No target in view!
No target in view!
No target in view!
No target in view!
No target in view!
No target in view!
No target in view!
No target in view!
A kobold and a hobgoblin come into view.
The kobold shouts!
The hobgoblin shouts!
You hear a shout! x2
A kobold comes into view. It is wielding a +0 club.
A kobold comes into view.
It is wielding a +1 dagger of distortion.
A kobold comes into view. It is wielding a +0 club.
The kobold hits you but does no damage.
You closely miss the kobold. The kobold hits you with a +0 dagger.
You hit the kobold.
You kill the kobold!
The kobold throws a stone.
The stone barely misses you.
The kobold throws a stone.
The stone barely misses you.
Your Axes skill increases to level 3!
You have reached level 2!
The hobgoblin closely misses you.
You hit the kobold.
You kill the kobold!
You hit the hobgoblin but do no damage. The hobgoblin hits you.
A bat comes into view.
You closely miss the hobgoblin. Your headbutt misses the hobgoblin.
The hobgoblin hits you but does no damage.
The kobold throws a stone.
The stone hits you but does no damage.
You barely miss the hobgoblin. Your headbutt misses the hobgoblin.
You block the bat's attack. The hobgoblin hits you.
The kobold throws a stone.
The stone hits you but does no damage. You block the hobgoblin's attack.
The kobold throws a stone.
The stone hits you but does no damage. The kobold hits you with a +0 club.
You barely miss the kobold. You hit the hobgoblin.
You kill the hobgoblin!
The bat barely misses you. The kobold hits you but does no damage.
The kobold throws a stone.
The stone completely misses you.
You closely miss the kobold. Your headbutt misses the kobold.
The bat barely misses you. The kobold hits you with a +0 club.
The kobold throws a stone.
You block the stone.
You barely miss the kobold.
You headbutt the kobold, but do no damage.
The bat hits you but does no damage. The kobold hits you but does no damage.
The kobold throws a stone.
The stone barely misses you. The kobold hits you but does no damage.
You miss the kobold. The bat hits you but does no damage.
You block the kobold's attack.
The kobold throws a stone.
The stone hits you but does no damage. The bat barely misses you.
You furiously retaliate!
You headbutt the bat!
You kill the bat!
You hit the kobold.
The kobold is moderately wounded.
The kobold hits you with a +0 club.
The kobold throws a stone.
The stone barely misses you. The kobold completely misses you.
You hit the kobold.
You kill the kobold!
You closely miss the kobold. The kobold hits you but does no damage.
You are cast into the Abyss!
To return, you must find a gate leading back.
Killing monsters will force the Abyss to allow you passage.
This branch contains the abyssal rune of Zot.
Found a gateway leading deeper into the Abyss.
There is a gateway leading deeper into the Abyss here.
You plunge deeper into the Abyss.
Unknown command.
An earth elemental comes into view.
An earth elemental is nearby!
A thrashing horror comes into view.
The thrashing horror roars!
You block the thrashing horror's attack.
The thrashing horror tramples you but does no damage.
The thrashing horror closely misses you. x2
The thrashing horror roars!
The thrashing horror barely misses you. The thrashing horror tramples you.
You hold your ground!
Unknown command.
The thrashing horror roars!
The thrashing horror tramples you.
You stumble backwards!
The thrashing horror closely misses you.
The thrashing horror tramples you.
You stumble backwards!
The thrashing horror attacks as you move away!
The thrashing horror tramples you!
You die...

.. .# ... ## ## . .
...# .##.#..##.
#...###...#.##.#
##...@.........
#..#.X..#.... ...
##..#..............
...#....#...........
#.#............. ...
#..................
#...#.....#.....~..
#..............~..~
###................


You could see a thrashing horror.

Vanquished Creatures
  An endoplasm (D:1)
  2 hobgoblins (D:1)
  4 ball pythons (D:1)
  2 bats (D:1)
  A frilled lizard (D:1)
  3 kobolds (D:1)
13 creatures vanquished.

Notes
Turn   | Place    | Note
-------+----------+-------------------------------------------
     0 | D:1      | Flugkiller the Minotaur Fighter began the quest for the
                  | Orb.
     0 | D:1      | Reached XP level 1. HP: 19/19 MP: 0/0
   116 | D:1      | Found a faded altar of an unknown god.
   123 | D:1      | Reached XP level 2. HP: 23/27 MP: 1/1
   133 | Abyss:1  | Cast into level 1 of the Abyss (kobold)
   182 | Abyss:2  | Noticed an earth elemental
   184 | Abyss:2  | Noticed a thrashing horror
   191 | Abyss:2  | Slain by a thrashing horror

Illustrated notes

Levels and vault maps discovered:
D:1:      psy_arrival_radial02, layout_basic,
          shapermc_ecumenical_altar_starsandcircs
Abyss:2:  base:
Temple

Skill      XL: |  1 |
---------------+----+-----
Axes           | 3 |  3.1
Fighting       | |  3.8
Armour         | |  3.8
Shields        | |  3.6

Action                   || total
-------------------------++-------
Melee: War axe           ||    20
       Headbutt          ||     2
Armor: Scale mail        ||    17
Dodge: Dodged            ||    16
Block: Buckler           ||     7
